[Event "Vezerkepzo GM March 2022"]
[Site "Budapest"]
[Date "2022.03.17"]
[Round "1.1"]
[White "Prraneeth Vuppala"]
[Black "Ilincic, Zlatko"]
[Result "1-0"]
[ECO "E11"]
[WhiteElo "2400"]
[BlackElo "2331"]
[Annotator "ChessBase"]
[PlyCount "81"]
[EventDate "2022.03.17"]
[EventType "tourn"]
[EventCountry "HUN"]
[SourceTitle "playchess.com"]
[Source "ChessBase"]
[SourceQuality "1"]
[TimeControl "40/5400+30:1800+30"]

1. d4 Nf6 2. c4 e6 3. Nf3 Bb4+ 4. Bd2 c5 5. Bxb4 cxb4 6. a3 bxa3 7. Rxa3 O-O 8. Nc3 d6 9. e3 Nc6 10. Be2 Nb4 11. O-O b6 12. Na2 Nxa2 13. Rxa2 Bb7 14. b4 Qc7 15. b5 a6 16. bxa6 Rxa6 17. Rxa6 Bxa6 18. Qa4 Bb7 19. Qb4 Ra8 20. Rb1 Nd7 21. Nd2 h6 22. h3 Ra2 23. Bd1 Bc6 24. Rc1 Qa7 25. d5 exd5 26. cxd5 Bxd5 27. Rc8+ Kh7 28. Bc2+ Rxc2 29. Rxc2 Nc5 30. Nc4 Qa1+ 31. Kh2 Qf1 32. f3 Nd3 33. Qd2 b5 34. Nb2 Ne1 35. Qxd5 Nxc2 36. Qf5+ g6 37. Qxf7+ Kh8 38. Qe8+ Kg7 39. Qe7+ Kg8 40. Qd8+ Kf7 41. Qc7+ 1-0

[Event "Vezerkepzo GM March 2022"]
[Site "Budapest"]
[Date "2022.03.17"]
[Round "1.2"]
[White "Vantika Agrawal"]
[Black "Pranav Anand"]
[Result "1/2-1/2"]
[ECO "D12"]
[WhiteElo "2381"]
[BlackElo "2436"]
[Annotator "ChessBase"]
[PlyCount "59"]
[EventDate "2022.03.17"]
[EventType "tourn"]
[EventCountry "HUN"]
[SourceTitle "playchess.com"]
[Source "ChessBase"]
[SourceQuality "1"]
[TimeControl "40/5400+30:1800+30"]

1. d4 d5 2. c4 c6 3. Nf3 Nf6 4. e3 Bf5 5. Nc3 e6 6. Nh4 Be4 7. f3 Bg6 8. Qb3 Qc7 9. Bd2 Be7 10. cxd5 cxd5 11. Nxg6 hxg6 12. O-O-O Nc6 13. Kb1 a6 14. Rc1 Nd7 15. Bd3 b5 16. Nxd5 exd5 17. Qxd5 Rc8 18. Be4 Ndb8 19. Qb3 Qd6 20. Rc2 Na7 21. Rhc1 Rxc2 22. Qxc2 O-O 23. Qc7 Nc8 24. Bb7 Nb6 25. Qxd6 Bxd6 26. b3 N6d7 27. g3 f6 28. e4 g5 29. f4 gxf4 30. gxf4 1/2-1/2

[Event "Vezerkepzo GM March 2022"]
[Site "Budapest"]
[Date "2022.03.17"]
[Round "1.4"]
[White "Akshat, Khamparia"]
[Black "Kulkarni Bhakti"]
[Result "1/2-1/2"]
[ECO "A45"]
[WhiteElo "2390"]
[BlackElo "2388"]
[Annotator "ChessBase"]
[PlyCount "71"]
[EventDate "2022.03.17"]
[EventType "tourn"]
[EventCountry "HUN"]
[SourceTitle "playchess.com"]
[Source "ChessBase"]
[SourceQuality "1"]
[TimeControl "40/5400+30:1800+30"]

1. d4 Nf6 2. Bf4 g6 3. Nc3 d5 4. Nb5 Na6 5. e3 c6 6. Nc3 Nc7 7. h3 Bg7 8. Nf3 O-O 9. Bd3 Nce8 10. O-O Nd6 11. a4 Nfe4 12. Nd2 Nxc3 13. bxc3 c5 14. dxc5 Ne8 15. c4 dxc4 16. Nxc4 Bxa1 17. Qxa1 Nf6 18. Rd1 Qd5 19. Bh6 Qxc5 20. Bxf8 Kxf8 21. Qb2 Rb8 22. Ne5 Qb6 23. Qxb6 axb6 24. Bb5 Be6 25. g4 Rc8 26. c4 Kg7 27. Rd4 h5 28. g5 Ne8 29. Nd7 Bxh3 30. Nxb6 Rb8 31. Kh2 Bf5 32. f3 Nd6 33. e4 Be6 34. c5 Nxb5 35. axb5 f6 36. gxf6+ 1/2-1/2

[Event "Vezerkepzo GM March 2022"]
[Site "Budapest"]
[Date "2022.03.17"]
[Round "1.5"]
[White "Csiki, Endre"]
[Black "Seres, Lajos"]
[Result "1-0"]
[ECO "B31"]
[WhiteElo "2320"]
[BlackElo "2387"]
[Annotator "ChessBase"]
[PlyCount "79"]
[EventDate "2022.03.17"]
[EventType "tourn"]
[EventCountry "HUN"]
[SourceTitle "playchess.com"]
[Source "ChessBase"]
[SourceQuality "1"]
[TimeControl "40/5400+30:1800+30"]

1. e4 c5 2. Nf3 Nc6 3. Bb5 g6 4. O-O Bg7 5. c3 Nf6 6. Re1 O-O 7. d4 d5 8. e5 Ne4 9. Bxc6 bxc6 10. Be3 Rb8 11. Qc1 c4 12. Nbd2 Nxd2 13. Nxd2 Bf5 14. b3 Bd3 15. Qa3 Rb7 16. Qa4 Qc7 17. bxc4 Rfb8 18. Rec1 e6 19. cxd5 cxd5 20. Qd1 Bf8 21. Qf3 Bc4 22. h4 Rb2 23. a4 Ra2 24. Rxa2 Bxa2 25. h5 Bb3 26. hxg6 hxg6 27. Qh3 Bxa4 28. Nf3 Bb5 29. Bg5 Bg7 30. Qh4 Kf8 31. Bf6 Bxf6 32. exf6 Ke8 33. Rb1 Qd6 34. Ne5 Rb7 35. Qh7 a6 36. Nxg6 Kd8 37. Qg8+ Kc7 38. Qxf7+ Kb6 39. Qxb7+ Kxb7 40. f7 1-0

[Event "Vezerkepzo GM March 2022"]
[Site "Budapest"]
[Date "2022.03.18"]
[Round "2.2"]
[White "Kulkarni Bhakti"]
[Black "Csiki, Endre"]
[Result "1-0"]
[ECO "E11"]
[WhiteElo "2388"]
[BlackElo "2320"]
[Annotator "ChessBase"]
[PlyCount "80"]
[EventDate "2022.03.17"]
[EventType "tourn"]
[EventCountry "HUN"]
[SourceTitle "playchess.com"]
[Source "ChessBase"]
[SourceQuality "1"]
[TimeControl "40/5400+30:1800+30"]

1. d4 d5 2. c4 e6 3. g3 Nf6 4. Bg2 Bb4+ 5. Bd2 Be7 6. Nf3 O-O 7. Qc2 Nbd7 8. O-O c6 9. Rd1 b6 10. Ne5 Bb7 11. Nc3 Nxe5 12. dxe5 Ng4 13. cxd5 cxd5 14. e4 Bc5 15. Be1 d4 16. Nb5 Nxe5 17. b4 a6 18. Na3 d3 19. Qb2 Bd4 20. Bc3 Bxc3 21. Qxc3 Qf6 22. Kh1 Rac8 23. Qd4 Ng4 24. Qxf6 gxf6 25. Kg1 Rc3 26. Nb1 Rc2 27. Nd2 Rfc8 28. h3 Ne5 29. f4 Nc6 30. a3 Nd4 31. Nf1 Ne2+ 32. Kh1 Nc3 33. Rxd3 Nxe4 34. Kg1 Rxg2+ 35. Kxg2 Nc5+ 36. Rf3 Nb3 37. Ra2 Nd4 38. Nd2 Nxf3 39. Nxf3 Rc3 40. Rf2 Rxa3 1-0

[Event "Vezerkepzo GM March 2022"]
[Site "Budapest"]
[Date "2022.03.18"]
[Round "2.3"]
[White "Rathanvel, V S"]
[Black "Akshat, Khamparia"]
[Result "1-0"]
[ECO "B62"]
[WhiteElo "2477"]
[BlackElo "2390"]
[Annotator "ChessBase"]
[PlyCount "99"]
[EventDate "2022.03.17"]
[EventType "tourn"]
[EventCountry "HUN"]
[SourceTitle "playchess.com"]
[Source "ChessBase"]
[SourceQuality "1"]
[TimeControl "40/5400+30:1800+30"]

1. e4 c5 2. Nf3 d6 3. d4 cxd4 4. Nxd4 Nf6 5. Nc3 Nc6 6. Bg5 e6 7. Qd3 Bd7 8. Ndb5 Nb4 9. Qd1 Qb8 10. Bf4 e5 11. Bg5 a6 12. Na3 b5 13. Bxf6 gxf6 14. g3 Bg7 15. Bg2 O-O 16. O-O Ra7 17. Qd2 Nc6 18. Nd5 f5 19. exf5 Bxf5 20. Ne3 Bd7 21. Rad1 f5 22. Qxd6 e4 23. c3 Ne5 24. Qxb8 Rxb8 25. Bh3 Rf8 26. Rd5 Be6 27. Rd6 Bc8 28. Rfd1 Nd3 29. Rd2 Raf7 30. f4 Re8 31. Nac2 Bf8 32. Rb6 Nxb2 33. Rb8 Bc5 34. Kf1 Rff8 35. Rd5 Na4 36. Nd4 Ba7 37. Ra8 Bxd4 38. Rxd4 Nxc3 39. a3 Na4 40. Ke1 Nc5 41. Bxf5 Bb7 42. Rxe8 Rxe8 43. Rd6 a5 44. Ng4 Ra8 45. Rh6 b4 46. Rxh7 bxa3 47. Nf6+ Kf8 48. Bg6 Bd5 49. Nxd5 a2 50. Rf7+ 1-0

[Event "Vezerkepzo GM March 2022"]
[Site "Budapest"]
[Date "2022.03.18"]
[Round "2.5"]
[White "Prraneeth Vuppala"]
[Black "Vantika Agrawal"]
[Result "1-0"]
[ECO "E73"]
[WhiteElo "2400"]
[BlackElo "2381"]
[Annotator "RC"]
[PlyCount "109"]
[EventDate "2022.03.17"]
[EventType "tourn"]
[EventCountry "HUN"]
[SourceTitle "playchess.com"]
[Source "ChessBase"]
[SourceQuality "1"]
[TimeControl "40/5400+30:1800+30"]

1. d4 Nf6 2. c4 g6 3. h4 Bg7 4. Nc3 d6 5. e4 O-O 6. Be2 c5 7. d5 e6 8. h5 exd5 9. exd5 Re8 10. h6 Bh8 11. Bg5 Qb6 12. b3 Ne4 13. Nxe4 Rxe4 14. Kf1 Nd7 15. Nf3 Re8 16. Rc1 Nf6 17. Bd3 Ne4 18. Bxe4 Rxe4 19. Nd2 Re8 20. Qf3 f5 21. Qg3 Bd7 22. Bf4 Qa5 23. a4 Qb4 24. Qd3 Qa3 25. Rd1 Bxa4 26. Bxd6 Bd7 27. g3 b6 28. Kg2 Qb2 29. Rhe1 Qf6 30. Bc7 Qc3 31. Nf3 Rxe1 32. Nxe1 Re8 33. Qxc3 Bxc3 34. Nd3 Bd4 35. Rd2 b5 36. Bd6 bxc4 37. bxc4 a5 38. Bxc5 Bc3 39. Rc2 Bf6 40. Bb6 a4 41. Nc5 Bc8 42. Nxa4 f4 43. gxf4 Bf5 44. Rd2 Re4 45. d6 Rxc4 46. Nc5 Rb4 47. Bc7 Rb5 48. Na6 Be4+ 49. f3 Bb7 50. Nb8 Rb3 51. d7 Bxf3+ 52. Kh2 Kf7 53. d8=Q Bxd8 54. Rxd8 Ke6 55. Nd7 1-0

[Event "Vezerkepzo GM March 2022"]
[Site "Budapest"]
[Date "2022.03.19"]
[Round "3.1"]
[White "Vantika Agrawal"]
[Black "Ilincic, Zlatko"]
[Result "1-0"]
[ECO "E14"]
[WhiteElo "2381"]
[BlackElo "2331"]
[Annotator "NA"]
[PlyCount "91"]
[EventDate "2022.03.17"]
[EventType "tourn"]
[EventCountry "HUN"]
[SourceTitle "playchess.com"]
[Source "ChessBase"]
[SourceQuality "1"]
[TimeControl "40/5400+30:1800+30"]

1. d4 Nf6 2. c4 e6 3. Nf3 Bb4+ 4. Nbd2 b6 5. a3 Bxd2+ 6. Qxd2 Bb7 7. e3 d6 8. Be2 Nbd7 9. O-O Ne4 10. Qc2 c5 11. Rd1 Qf6 $16 (11... f5 $14) 12. b4 cxd4 13. exd4 d5 14. Bd3 O-O 15. Bb2 Qf4 16. c5 Rfc8 17. Qe2 a6 18. Rac1 Qb8 19. Nd2 Nef6 20. Nb3 Qa7 21. a4 Ne4 22. f3 Nef6 23. Qf2 Nf8 24. Ra1 Ng6 25. b5 Re8 26. a5 bxc5 27. b6 Qb8 28. Nxc5 Nf8 29. Qe2 N8d7 30. Nxa6 Bxa6 31. Bxa6 e5 32. Bb5 Re6 33. Qc2 e4 34. fxe4 Rxe4 35. h3 Qf4 36. b7 Rb8 37. a6 Qe3+ 38. Qf2 Qxf2+ 39. Kxf2 Nb6 40. a7 Rxb7 41. a8=Q+ Nxa8 42. Rxa8+ Ne8 43. Bxe8 Rxb2+ 44. Kg1 g6 45. Bc6+ Kg7 46. Bxd5 1-0

[Event "Vezerkepzo GM March 2022"]
[Site "Budapest"]
[Date "2022.03.19"]
[Round "3.2"]
[White "Varga, Zoltan"]
[Black "Prraneeth Vuppala"]
[Result "1/2-1/2"]
[ECO "A33"]
[WhiteElo "2390"]
[BlackElo "2400"]
[Annotator "NA"]
[PlyCount "81"]
[EventDate "2022.03.17"]
[EventType "tourn"]
[EventCountry "HUN"]
[SourceTitle "playchess.com"]
[Source "ChessBase"]
[SourceQuality "1"]
[TimeControl "40/5400+30:1800+30"]

1. c4 c5 2. Nf3 Nf6 3. d4 cxd4 4. Nxd4 Nc6 5. Nc3 e6 6. Ndb5 d5 7. Bf4 e5 8. cxd5 exf4 9. dxc6 bxc6 10. Qxd8+ Kxd8 11. Rd1+ Bd7 12. Nd4 $11 Kc7 13. g3 Rb8 14. Nb3 Be6 15. Bg2 Bxb3 16. axb3 Rxb3 17. O-O fxg3 18. hxg3 Nd7 19. Ra1 Rxb2 20. Rxa7+ Rb7 21. Nb5+ Kb6 22. Rxb7+ Kxb7 23. Rb1 Bc5 24. Nd4+ Kc7 25. Nxc6 Re8 26. e3 g6 27. Na5 Re6 28. Rc1 Rb6 29. Bd5 f6 30. Nb3 Kd6 31. Bg8 Rb8 32. Nxc5 Rxg8 33. Rd1+ Kxc5 34. Rxd7 h5 35. Kg2 Kc6 36. Rd4 Rg7 37. Ra4 Kd6 38. Ra6+ Ke7 39. f4 Rg8 40. Ra7+ Ke6 41. Ra6+ 1/2-1/2

[Event "Vezerkepzo GM March 2022"]
[Site "Budapest"]
[Date "2022.03.19"]
[Round "3.5"]
[White "Seres, Lajos"]
[Black "Kulkarni Bhakti"]
[Result "1/2-1/2"]
[ECO "E60"]
[WhiteElo "2387"]
[BlackElo "2388"]
[Annotator "ChessBase"]
[PlyCount "46"]
[EventDate "2022.03.17"]
[EventType "tourn"]
[EventCountry "HUN"]
[SourceTitle "playchess.com"]
[Source "ChessBase"]
[SourceQuality "1"]
[TimeControl "40/5400+30:1800+30"]

1. Nf3 Nf6 2. c4 g6 3. g3 Bg7 4. Bg2 O-O 5. d4 c5 6. Nc3 cxd4 7. Nxd4 Qc7 8. b3 d5 9. Ncb5 Qd7 10. O-O dxc4 11. bxc4 Rd8 12. Qb3 a6 13. Nc3 Qc7 14. Be3 e6 15. Nxe6 fxe6 16. Bb6 Qe7 17. Bxd8 Qxd8 18. Bxb7 Bxb7 19. Qxb7 Nbd7 20. Qc6 Nf8 21. Rab1 Qc8 22. Qf3 Ra7 23. Ne4 Nxe4 1/2-1/2

[Event "Vezerkepzo GM March 2022"]
[Site "Budapest"]
[Date "2022.03.21"]
[Round "4.1"]
[White "Ilincic, Zlatko"]
[Black "Kulkarni Bhakti"]
[Result "1/2-1/2"]
[ECO "A58"]
[WhiteElo "2331"]
[BlackElo "2388"]
[Annotator "NA"]
[PlyCount "76"]
[EventDate "2022.03.17"]
[EventType "tourn"]
[EventCountry "HUN"]
[SourceTitle "playchess.com"]
[Source "ChessBase"]
[SourceQuality "1"]
[TimeControl "40/5400+30:1800+30"]

1. d4 Nf6 2. c4 g6 3. g3 c5 4. d5 b5 5. cxb5 a6 6. bxa6 Bg7 7. Nc3 O-O 8. Nf3 d6 9. Bg2 Bxa6 10. O-O Nbd7 11. Ne1 Ng4 12. Bd2 Qb6 13. Rb1 Rfb8 14. Nc2 Qa5 $11 15. Bh3 Ngf6 16. b3 Qc7 17. a4 Nb6 18. Bg2 Bb7 19. e4 c4 20. Nd4 cxb3 21. Qxb3 Nc4 22. Bg5 Na5 23. Qb4 Qd8 24. Ncb5 Nd7 25. Nxd6 h6 26. Nxf7 Kxf7 27. Ne6 Qe8 28. Nc7 Qd8 29. Ne6 Qe8 30. Nxg7 Kxg7 31. Bxe7 Ba6 32. Qc3+ Kh7 33. Rxb8 Rxb8 34. Re1 Nc4 35. d6 Qf7 36. f4 Rb2 37. Bf1 Ra2 38. Qb3 Rd2 1/2-1/2

[Event "Vezerkepzo GM March 2022"]
[Site "Budapest"]
[Date "2022.03.21"]
[Round "4.3"]
[White "Pranav Anand"]
[Black "Csiki, Endre"]
[Result "1-0"]
[ECO "E11"]
[WhiteElo "2436"]
[BlackElo "2320"]
[Annotator "ChessBase"]
[PlyCount "63"]
[EventDate "2022.03.17"]
[EventType "tourn"]
[EventCountry "HUN"]
[SourceTitle "playchess.com"]
[Source "ChessBase"]
[SourceQuality "1"]
[TimeControl "40/5400+30:1800+30"]

1. d4 d5 2. c4 e6 3. Nf3 Nf6 4. g3 Bb4+ 5. Bd2 Be7 6. Bg2 O-O 7. O-O Nbd7 8. Nc3 dxc4 9. e4 c5 10. Bf4 cxd4 11. Qxd4 Nc5 12. Qxc4 b5 13. Nxb5 Ba6 14. Nfd4 Qb6 15. a4 Rac8 16. e5 Nd5 17. Bxd5 exd5 18. Qe2 Ne6 19. Nf5 Bc5 20. Qg4 g6 21. Nbd6 Kh8 22. Nxc8 Rxc8 23. Nh6 Bxf1 24. Nxf7+ Kg7 25. Nd6 Bxf2+ 26. Kxf1 Qxb2 27. Bh6+ Kh8 28. Rd1 Bd4 29. Qf3 Bxe5 30. Nxc8 Qb7 31. Qxd5 Qa6+ 32. Qb5 1-0

[Event "Vezerkepzo GM March 2022"]
[Site "Budapest"]
[Date "2022.03.21"]
[Round "4.5"]
[White "Vantika Agrawal"]
[Black "Varga, Zoltan"]
[Result "1-0"]
[ECO "A90"]
[WhiteElo "2381"]
[BlackElo "2390"]
[Annotator "NA"]
[PlyCount "106"]
[EventDate "2022.03.17"]
[EventType "tourn"]
[EventCountry "HUN"]
[SourceTitle "playchess.com"]
[Source "ChessBase"]
[SourceQuality "1"]
[TimeControl "40/5400+30:1800+30"]

1. d4 f5 2. Nf3 Nf6 3. g3 e6 4. Bg2 d5 5. O-O Bd6 6. c4 O-O 7. b3 b6 8. Ba3 Bb7 9. Qc1 a5 10. c5 Be7 11. Ne5 Na6 $16 (11... bxc5 $11 12. Bxc5 Bd6) 12. Nd3 bxc5 13. Nxc5 Nxc5 14. Bxc5 Ba6 15. Qe3 Ne4 16. Bxe7 Qxe7 17. f3 f4 18. gxf4 Nd6 19. Bh3 Rae8 20. Nc3 Kh8 21. Qf2 Rxf4 22. Kh1 Qh4 23. Kg2 Rxd4 24. Qxh4 Rxh4 25. Rfe1 g5 26. Kg3 d4 27. Na4 Nf5+ 28. Bxf5 exf5 29. Rac1 Bxe2 30. Nc5 Re3 31. Rc2 d3 32. Nxd3 Bxd3 33. Rxe3 Bxc2 34. Re8+ Kg7 35. Re7+ Kf6 36. Rxc7 Bb1 37. Rc6+ Ke7 38. a3 Rd4 39. Rc5 h5 40. Rxa5 h4+ 41. Kf2 Rd2+ 42. Ke3 Rxh2 43. Ra7+ Kf6 44. Ra6+ Kg7 45. Ra7+ Kg6 46. Ra6+ Kh5 47. Ra8 h3 48. Rh8+ Kg6 49. b4 Kg7 50. Rh5 f4+ 51. Kd4 Bg6 52. Rxg5 Rg2 53. Rc5 h2 1-0

[Event "Vezerkepzo GM March 2022"]
[Site "Budapest"]
[Date "2022.03.22"]
[Round "5.3"]
[White "Csiki, Endre"]
[Black "Prraneeth Vuppala"]
[Result "1/2-1/2"]
[ECO "C47"]
[WhiteElo "2320"]
[BlackElo "2400"]
[Annotator "NA"]
[PlyCount "63"]
[EventDate "2022.03.17"]
[EventType "tourn"]
[EventCountry "HUN"]
[SourceTitle "playchess.com"]
[Source "ChessBase"]
[SourceQuality "1"]
[TimeControl "40/5400+30:1800+30"]

1. e4 e5 2. Nf3 Nc6 3. Nc3 Nf6 4. d4 exd4 5. Nxd4 Bb4 6. Nxc6 bxc6 7. Bd3 d5 8. Bd2 O-O 9. O-O Rb8 10. Re1 Re8 11. a3 Bg4 12. f3 Bc5+ 13. Kh1 Bh5 14. Bg5 Bg6 $11 (14... Rxb2 $2 15. e5 $18 (15. Na4 dxe4 16. Nxb2 exd3 $16)) 15. exd5 Rxe1+ 16. Qxe1 cxd5 17. Bxg6 hxg6 18. Rd1 c6 19. b4 Be7 20. Ne2 Nd7 21. Bxe7 Qxe7 22. Nf4 Ne5 23. Nd3 Re8 24. Qxe5 Qxe5 25. Nxe5 Rxe5 26. Kg1 Re2 27. c4 dxc4 28. Rc1 Ra2 29. Rxc4 Rxa3 30. Rxc6 Rb3 31. Ra6 Rxb4 32. Rxa7 1/2-1/2

[Event "Vezerkepzo GM March 2022"]
[Site "Budapest"]
[Date "2022.03.22"]
[Round "5.4"]
[White "Seres, Lajos"]
[Black "Pranav Anand"]
[Result "0-1"]
[ECO "B67"]
[WhiteElo "2387"]
[BlackElo "2436"]
[Annotator "ChessBase"]
[PlyCount "56"]
[EventDate "2022.03.17"]
[EventType "tourn"]
[EventCountry "HUN"]
[SourceTitle "playchess.com"]
[Source "ChessBase"]
[SourceQuality "1"]
[TimeControl "40/5400+30:1800+30"]

1. e4 c5 2. Nf3 Nc6 3. d4 cxd4 4. Nxd4 Nf6 5. Nc3 d6 6. Bg5 e6 7. Qd2 a6 8. O-O-O Bd7 9. f3 Nxd4 10. Qxd4 Be7 11. h4 Qc7 12. Kb1 b5 13. g4 h5 14. gxh5 Nxh5 15. Bxe7 Kxe7 16. e5 dxe5 17. Qb4+ Ke8 18. Ne4 a5 19. Nd6+ Kf8 20. Qe1 Bc6 21. Qc3 Qb6 22. Bxb5 Bxb5 23. Qb3 Ng3 24. Rh3 Rd8 25. Qa3 Kg8 26. Rxg3 Rxh4 27. c4 Bxc4 28. Rg2 Rd4 0-1

[Event "Vezerkepzo GM March 2022"]
[Site "Budapest"]
[Date "2022.03.23"]
[Round "6.1"]
[White "Ilincic, Zlatko"]
[Black "Rathanvel, V S"]
[Result "1/2-1/2"]
[ECO "E01"]
[WhiteElo "2331"]
[BlackElo "2477"]
[Annotator "RC"]
[PlyCount "50"]
[EventDate "2022.03.17"]
[EventType "tourn"]
[EventCountry "HUN"]
[SourceTitle "playchess.com"]
[Source "ChessBase"]
[SourceQuality "1"]
[TimeControl "40/5400+30:1800+30"]

1. d4 d5 2. c4 e6 3. g3 Nf6 4. Bg2 c6 5. Qc2 Be7 6. Nd2 dxc4 7. Qxc4 b5 8. Qd3 O-O 9. Ngf3 Bb7 10. Ne5 Qb6 11. O-O Nbd7 12. Nxd7 Nxd7 13. Nb3 c5 14. Bxb7 Qxb7 15. dxc5 Nxc5 16. Nxc5 Bxc5 17. Be3 Rfd8 18. Qb3 Bxe3 19. Qxe3 Rd5 20. Rfd1 Rad8 21. Rxd5 Rxd5 22. Rc1 h6 23. b4 Qd7 24. a3 Rd2 25. h4 Rd1+ 1/2-1/2

[Event "Vezerkepzo GM March 2022"]
[Site "Budapest"]
[Date "2022.03.23"]
[Round "6.2"]
[White "Pranav Anand"]
[Black "Kulkarni Bhakti"]
[Result "1/2-1/2"]
[ECO "E73"]
[WhiteElo "2436"]
[BlackElo "2388"]
[Annotator "NA RC"]
[PlyCount "61"]
[EventDate "2022.03.17"]
[EventType "tourn"]
[EventCountry "HUN"]
[SourceTitle "playchess.com"]
[Source "ChessBase"]
[SourceQuality "1"]
[TimeControl "40/5400+30:1800+30"]

1. d4 Nf6 2. c4 g6 3. h4 Bg7 4. Nc3 d6 5. e4 O-O 6. Be2 c5 {[%emt 0:07:18] 6...c5 scores better than 6...h5.} 7. d5 b5 8. cxb5 a6 9. a4 axb5 10. Bxb5 Ba6 11. Bd2 {[%emt 0:00:59] [#]} e6 $146 ({Predecessor:} 11... Bxb5 12. axb5 Nbd7 13. Nf3 Rxa1 14. Qxa1 Qb6 15. O-O Rb8 16. Qa6 Ne8 17. Ra1 Kf8 {1-0 (31) Vachier Lagrave,M (2751)-Svidler,P (2714) Saint Louis 2021}) 12. Nge2 (12. dxe6 $16 fxe6 13. Nf3) 12... exd5 13. exd5 Qe7 (13... Nbd7 $11 {deserves consideration.}) 14. Bg5 h6 15. Bf4 (15. Bxf6 $14 {is superior.} Qxf6 16. h5) 15... Nh5 16. Kf1 Nxf4 17. Nxf4 Bxb5+ 18. axb5 Rxa1 19. Qxa1 Re8 (19... Bxc3 $15 {deserves consideration.} 20. bxc3 Qe4) 20. Rh3 Qf6 (20... Be5 $11 21. Nd3 Bd4) 21. Nfe2 $1 Nd7 22. Kg1 (22. Qa7 $14 {is more appropriate.} Qd8 23. h5) 22... Qf5 23. Qd1 (23. Qc1 $11) 23... Ne5 (23... Qg4 $17 24. Qd2 Ra8) 24. Re3 Ra8 25. Re4 h5 26. Rf4 Qd7 27. Ra4 Rb8 28. Re4 $11 Ra8 29. Ra4 Rb8 30. Re4 Ra8 31. Ra4 1/2-1/2

[Event "Vezerkepzo GM March 2022"]
[Site "Budapest"]
[Date "2022.03.23"]
[Round "6.4"]
[White "Vantika Agrawal"]
[Black "Csiki, Endre"]
[Result "1/2-1/2"]
[ECO "D02"]
[WhiteElo "2381"]
[BlackElo "2320"]
[Annotator "ChessBase"]
[PlyCount "47"]
[EventDate "2022.03.17"]
[EventType "tourn"]
[EventCountry "HUN"]
[SourceTitle "playchess.com"]
[Source "ChessBase"]
[SourceQuality "1"]
[TimeControl "40/5400+30:1800+30"]

1. Nf3 d5 2. g3 g6 3. Bg2 Bg7 4. d4 Nf6 5. O-O O-O 6. c4 Nc6 7. Nbd2 Be6 8. e3 dxc4 9. Ng5 Bg4 10. f3 Bc8 11. Nxc4 Qd5 12. Ne5 Nxe5 13. f4 Nf3+ 14. Bxf3 Qa5 15. Bd2 Qb6 16. Qb3 h6 17. Ne4 Nxe4 18. Bxe4 Rd8 19. Bc3 Be6 20. Qxb6 axb6 21. Bxb7 Rxa2 22. Rxa2 Bxa2 23. Ra1 Be6 24. Bc6 1/2-1/2

[Event "Vezerkepzo GM March 2022"]
[Site "Budapest"]
[Date "2022.03.24"]
[Round "7.2"]
[White "Csiki, Endre"]
[Black "Varga, Zoltan"]
[Result "1-0"]
[ECO "B01"]
[WhiteElo "2320"]
[BlackElo "2390"]
[Annotator "NA"]
[PlyCount "55"]
[EventDate "2022.03.17"]
[EventType "tourn"]
[EventCountry "HUN"]
[SourceTitle "playchess.com"]
[Source "ChessBase"]
[SourceQuality "1"]
[TimeControl "40/5400+30:1800+30"]

1. e4 d5 2. exd5 Nf6 3. Nf3 Nxd5 4. d4 Bg4 5. c4 Nb6 6. c5 Nd5 {[%emt 0:07:28] [#]} (6... N6d7 $14) 7. Qb3 $1 Bc8 8. Bc4 e6 9. O-O Be7 10. Nc3 c6 11. Ne4 O-O 12. Qd3 f6 13. Bd2 b6 14. Rfe1 a5 15. cxb6 Qxb6 16. b3 Na6 17. a3 $11 Rd8 18. Nc3 Nac7 19. Na4 Qa7 20. Qc2 Nb5 21. Bd3 Nxa3 22. Bxh7+ Kf8 23. Qg6 Bb4 24. Bxb4+ axb4 25. Qh5 Nf4 26. Qh4 g5 27. Nxg5 Rxd4 28. Nxe6+ 1-0

[Event "Vezerkepzo GM March 2022"]
[Site "Budapest"]
[Date "2022.03.24"]
[Round "7.3"]
[White "Seres, Lajos"]
[Black "Vantika Agrawal"]
[Result "1/2-1/2"]
[ECO "E62"]
[WhiteElo "2387"]
[BlackElo "2381"]
[Annotator "ChessBase"]
[PlyCount "42"]
[EventDate "2022.03.17"]
[EventType "tourn"]
[EventCountry "HUN"]
[SourceTitle "playchess.com"]
[Source "ChessBase"]
[SourceQuality "1"]
[TimeControl "40/5400+30:1800+30"]

1. d4 Nf6 2. Nf3 g6 3. c4 Bg7 4. g3 O-O 5. Bg2 d6 6. Nc3 c6 7. O-O Bf5 8. b3 Ne4 9. Bb2 Nxc3 10. Bxc3 Be4 11. Qd2 Nd7 12. Rac1 a5 13. Qf4 d5 14. cxd5 cxd5 15. Bh3 Bxf3 16. Qxf3 e6 17. Qd3 Qb6 18. e3 a4 19. Rb1 axb3 20. Rxb3 Qc6 21. Qb1 b6 1/2-1/2

[Event "Vezerkepzo GM March 2022"]
[Site "Budapest"]
[Date "2022.03.24"]
[Round "7.4"]
[White "Kulkarni Bhakti"]
[Black "Prraneeth Vuppala"]
[Result "1-0"]
[ECO "B23"]
[WhiteElo "2388"]
[BlackElo "2400"]
[Annotator "NA"]
[PlyCount "57"]
[EventDate "2022.03.17"]
[EventType "tourn"]
[EventCountry "HUN"]
[SourceTitle "playchess.com"]
[Source "ChessBase"]
[SourceQuality "1"]
[TimeControl "40/5400+30:1800+30"]

1. e4 c5 2. Nc3 d6 3. d4 cxd4 4. Qxd4 Nc6 5. Qd2 g6 6. b3 Bh6 7. f4 Nf6 8. Bb2 O-O 9. O-O-O e5 (9... a5 $142) 10. g3 exf4 (10... a5 $11) 11. gxf4 Re8 12. Bg2 Bg4 13. Rf1 Bg7 14. h3 $11 Bh5 15. Nge2 (15. Re1 $11) 15... Bxe2 16. Qxe2 Nxe4 17. Nxe4 d5 18. Rd1 Qa5 19. a3 dxe4 20. Bxe4 Rad8 21. Qc4 Nd4 22. Bxb7 Ne2+ 23. Kb1 Bxb2 24. Kxb2 Rxd1 25. Rxd1 Qf5 26. Re1 Qf6+ 27. c3 Rb8 28. Rxe2 Rxb7 29. Qc8+ 1-0

[Event "Vezerkepzo GM March 2022"]
[Site "Budapest"]
[Date "2022.03.25"]
[Round "8.1"]
[White "Ilincic, Zlatko"]
[Black "Pranav Anand"]
[Result "0-1"]
[ECO "E11"]
[WhiteElo "2331"]
[BlackElo "2436"]
[Annotator "NA"]
[PlyCount "88"]
[EventDate "2022.03.17"]
[EventType "tourn"]
[EventCountry "HUN"]
[SourceTitle "playchess.com"]
[Source "ChessBase"]
[SourceQuality "1"]
[TimeControl "40/5400+30:1800+30"]

1. d4 Nf6 2. c4 e6 3. g3 d5 4. Bg2 Bb4+ 5. Bd2 Be7 6. Nf3 O-O 7. Qc2 Nbd7 8. O-O c6 9. Bf4 b6 10. Nbd2 Nh5 11. Be3 Bb7 12. Ne1 Rc8 13. Nd3 c5 14. dxc5 bxc5 15. Qb3 Nb6 16. Rac1 d4 17. Bxb7 dxe3 18. fxe3 Rb8 19. Bf3 Bg5 20. Rcd1 Bxe3+ 21. Kh1 Bxd2 22. Nxc5 Nd7 23. Nb7 Qg5 24. Qb5 Nhf6 25. Qxg5 Bxg5 26. b3 Ne5 27. Nd6 Be3 28. h3 Rfd8 29. Nb7 Rdc8 30. Nd6 Rc7 31. Nb5 Rd7 32. Rxd7 Nfxd7 33. Rd1 Kf8 34. Rd6 Rb6 35. Kg2 Rxd6 36. Nxd6 Ke7 37. Nc8+ Kd8 38. Nd6 Bc5 39. Ne4 Bb4 40. Nf2 Nc5 41. Ba8 Kc7 42. Kf1 Bd2 43. Nd1 Kb6 44. e3 Ned3 0-1